 Dungeon Crawl Stone Soup version 0.31-a0-177-g4aa6249778 (webtiles) character file.

Game seed: 3479907692848168347

53295 qw the Severer (level 14, 0/63 HPs)
             Began as a Gargoyle Fighter on June 18, 2023.
             Was an Elder of Okawaru.
             Slain by a reaper
             ... wielding a +4 scythe of venom
              (17 damage)
             ... on level 3 of the Abyss.
             The game lasted 00:10:55 (18896 turns).

qw the Severer (Gargoyle Fighter)                  Turns: 18896, Time: 00:10:56

Health: 0/63       AC: 30    Str: 19      XL:     14   Next: 67%
Magic:  16/17      EV: 12    Int: 10 (11) God:    Okawaru [****..]
Gold:   845        SH: 12    Dex:  7      Spells: 13/13 levels left

rFire   + . .        Y - +2 war axe (venom)
rCold   x . .        q - +0 kite shield
rNeg    + . .        t - +0 plate armour
rPois   inf          (no helmet)
rElec   +            (no cloak)
rCorr   .            p - +2 pair of gloves {Stlth+}
SInv    .            u - +1 pair of boots
Will    +....        h - amulet of faith Stlth
                     z - +5 ring of evasion
HPRegen 0.30/turn    a - ring of protection from fire
MPRegen 0.15/turn

%: faith
@: heroic, flying, unable to read
A: sickness immunity, AC +10, big wings, negative energy resistance 1,
electricity resistance, torment resistance 1, petrification resistance, hooves
1, iridescent scales 1, [clumsy 1], [deformed body], [deterioration 1], [frail
3], [low MP 2], [weak 2], [cold vulnerability 1], [subdued magic 2], [inability
to read after injury 2]
a: Renounce Religion, Heroism, Finesse


You were on level 3 of the Abyss.
You worshipped Okawaru.
Okawaru was greatly pleased with you.
You visited 3 branches of the dungeon, and saw 17 of its levels.
You visited the Abyss 1 time.
You also visited: Sewer and Ossuary.

You collected 1110 gold pieces.
You spent 265 gold pieces at shops.


Innate Abilities, Weirdness & Mutations

You are immune to sickness and miasma.
Your stone body is resilient. (AC +10)
You are immune to poison.
Your large and strong wings let you fly.
You resist negative energy. (rN+)
You are resistant to electric shocks. (rElec)
You are resistant to unholy torment.
You are immune to petrification.
You have large cloven feet.
You are partially covered in iridescent scales. (AC +2)
[You are clumsy. (Dex -2)]
[Armour fits poorly on your strangely shaped body.]
[Your body sometimes deteriorates upon taking damage.]
[You are extremely frail. (-30% HP)]
[Your magical capacity is very low. (-20% MP)]
[You are very weak. (Str -4)]
[You are vulnerable to cold. (rC-)]
[Your spells are easier to cast, but less powerful.]
[You sometimes lose the ability to read scrolls when taking damage.]


   Skills:
 - Level 11.1(16.1) Fighting
 - Level 15.0(20.0) Axes
 - Level 4.0(9.0) Throwing
 + Level 10.1(15.1) Armour
 - Level 2.1(7.1) Dodging
 - Level 12.0(17.0) Shields
 - Level 10.0 Invocations


You had 13 spell levels left.
You didn't know any spells.
Your spell library was empty.

Inventory:

Hand Weapons
 x - a +0 morningstar
 Y - a +2 war axe of venom (weapon)
Armour
 p - a +2 pair of gloves of stealth (worn)
 q - a +0 kite shield (worn)
 t - a +0 plate armour (worn)
 u - a +1 pair of boots (worn)
 w - the +3 hat of Pondering {ponderous, Will+ MP+10 Int+5}
   (You took it off Gastronok on level 10 of the Dungeon)

   Int:       It affects your intelligence (+5).
   MP:        It affects your magic capacity (+10).
   Will:      It increases your willpower.
Jewellery
 a - a ring of protection from fire (right hand)
 e - a +6 ring of dexterity
 h - an amulet of faith (around neck)
 j - a ring of ice
 n - a ring of willpower
 o - an amulet of reflection
 y - a ring of resist corrosion
 z - a +5 ring of evasion (left hand)
 A - a ring of ice
Wands
 r - a wand of digging (8)
Scrolls
 b - 3 scrolls of teleportation
 i - 2 scrolls of identify
Potions
 c - a potion of haste
 d - 6 potions of might
 f - 6 potions of curing
 g - a potion of lignification
 k - 2 potions of magic
 l - 4 potions of attraction
 m - 3 potions of enlightenment
 v - 4 potions of mutation

Dungeon Overview and Level Annotations

Branches:
Dungeon (11/15)            Temple (1/1) D:7            Lair (5/5) D:11
  Swamp (0/4) Lair:3       Spider (0/4) Lair:2        Slime (0/5) Lair:5
  Sewer (visited)         Ossuary (visited)
    Orc: D:9-12

Altars:
Ashenzari
Cheibriados
Dithmenos
Elyvilon
Fedhas
Gozag
Hepliaklqana
Kikubaaqudgha
Makhleb
Nemelex Xobeh
Okawaru
Qazlal
Ru
Sif Muna
Trog
Uskayaw
Vehumet
Wu Jian
Xom
Yredelemnul
Zin
The Shining One

Shops:
D:7 *   D:9 (

Annotations:
D:7 1 runed translucent door, Crazy Yiuf
Lair:3 exclusion: oklob plant


Message History

The small abomination is almost destroyed.
You block the small abomination's attack.
You barely miss the small abomination.
The small abomination is almost destroyed.
The small abomination closely misses you.
You completely miss the small abomination.
The small abomination is almost destroyed.
You hit the small abomination.
The small abomination is almost destroyed.
A sixfirhy comes into view.
You block the small abomination's attack.
You block the reaper's attack.
You closely miss the small abomination.
The small abomination is almost destroyed.
You block the small abomination's attack.
You barely miss the small abomination.
The small abomination is almost destroyed.
The reaper hits you but does no damage.
The small abomination hits you but does no damage.
You slice the small abomination!!
You destroy the small abomination!
Okawaru accepts your kill.
You barely miss the large abomination. The reaper closely misses you.
You hit the large abomination.
The large abomination is lightly damaged.
The large abomination hits you!
You feel threatened and lose the ability to read scrolls!
Your body deteriorates!
You feel dopey.
The reaper hits you from afar with a +4 scythe of venom!
You slash the large abomination!
The large abomination is moderately damaged.
You slash the large abomination!
The large abomination is heavily damaged.
The reaper closely misses you.
You block the large abomination's attack.
You barely miss the large abomination.
The large abomination is heavily damaged.
The reaper hits you from afar with a +4 scythe of venom!
You die...

# #. ~ # .
.##. ## ..##
##.##
#(......#
..2#...# #
#...# #
##.##@# .
#....X## .#
. ####.#.. #
##.####..X##
#.## ## .
...... .##
##.## .. . .
.


You could see a reaper and a large abomination.

Vanquished Creatures
  A tentacled starspawn (Abyss:3)
  Gastronok (D:10)
  Snorg (Lair:5)
  Fannar (Lair:2)
  A rakshasa (Abyss:3)
  6 hydras
  A catoblepas (Lair:5)
  Erica (D:8)
  2 boulder beetles
  3 wretched stars (Abyss:3)
  3 skysharks
  An orb spider (Lair:2)
  A swamp dragon (Lair:3)
  2 large abominations (Abyss:3)
  An ugly thing (D:11)
  A manticore (D:11)
  A cyclops (D:7)
  Joseph (D:7)
  11 elephants
  4 black mambas
  12 cane toads
  A smoke demon (Abyss:3)
  A torpor snail (Lair:1)
  An orange demon (Abyss:3)
  A gargoyle (D:10)
  6 rime drakes
  11 komodo dragons
  2 ancient zymes (Abyss:3)
  A troll (D:9)
  Prince Ribbit (D:5)
  4 polar bears
  9 blink frogs
  10 dream sheep
  A ynoxinul (Abyss:3)
  2 shadows
  41 yaks
  A wraith (D:11)
  10 wyverns
  7 basilisks (Lair:3)
  2 steam dragons
  A neqoxec (Abyss:3)
  Menkaure (D:7)
  2 swamp worms (D:8)
  2 acid dragons
  A hell hound (Lair:5)
  2 orc warriors
  20 water moccasins
  2 sky beasts
  2 ice beasts
  12 wolves
  A small abomination (Abyss:3)
  5 centaurs
  2 phantoms
  16 bullfrogs
  2 elf zombies (Ossuary)
  A scorpion (D:6)
  2 cane toad simulacra (Lair:3)
  11 killer bees
  An elephant simulacrum (Lair:3)
  5 howler monkeys
  2 centaur zombies (Ossuary)
  4 hounds
  2 quasits (Abyss:3)
  10 orc priests
  4 jellies
  2 gnoll boudas
  2 human zombies (Ossuary)
  An iron imp (Abyss:3)
  6 iguanas
  A sleepcap (D:5)
  7 orc wizards
  6 hell rats (Lair:3)
  A statue (D:9)
  3 hound zombies (Ossuary)
  3 mummies (Ossuary)
  15 gnolls
  16 adders
  7 river rats (Sewer)
  2 shadow imps
  5 white imps
  3 ufetubi
  6 adder zombies (Ossuary)
  2 dart slugs
  35 orcs
  12 ball pythons
  8 endoplasms
  6 giant cockroaches
  7 goblins
  8 hobgoblins
  A jackal (D:3)
  10 kobolds
  3 quokkas
  5 bats
  11 frilled lizards
  A gnoll zombie (Ossuary)
  5 goblin zombies (Ossuary)
  2 hobgoblin zombies (Ossuary)
  2 jackal zombies (Ossuary)
  A kobold zombie (Ossuary)
  7 quokka zombies (Ossuary)
  31 rats
  4 rat zombies (Ossuary)
  A lurking horror (Abyss:3)
  A starspawn tentacle (Abyss:3)
530 creatures vanquished.

Vanquished Creatures (others)
  A small abomination (Abyss:3)
  An iguana (Lair:3)
  4 starspawn tentacles (Abyss:3)
6 creatures vanquished.

Grand Total: 536 creatures vanquished

Notes
Turn   | Place    | Note
-------+----------+-------------------------------------------
     0 | D:1      | qw the Gargoyle Fighter began the quest for the Orb.
     0 | D:1      | Reached XP level 1. HP: 14/14 MP: 1/1
     0 | D:1      | 0 ||| qw: Version: 0.3-a-7-ge0c9b40
     0 | D:1      | 0 ||| qw: Game counter: 749
     0 | D:1      | 0 ||| qw: Always use a shield: true
     0 | D:1      | 0 ||| qw: God list: Okawaru
     0 | D:1      | 0 ||| qw: Allow faded altars: false
     0 | D:1      | 0 ||| qw: Do Orc after D:15 true
     0 | D:1      | 0 ||| qw: Do second Lair branch before Depths: true
     0 | D:1      | 0 ||| qw: Lair rune preference: random
     0 | D:1      | 0 ||| qw: Plans: Normal, Zot:1-4, Slime:5, God:TSO, Crypt,
                  | Tomb, Abyss, Pan, Hells, Win
     0 | D:1      | 0 ||| PLANNING D:1-11
    18 | D:1      | 18 ||| Stepping ~*~*~tactically~*~*~ (hiding).
    25 | D:1      | Reached skill level 2 in Axes
   203 | D:1      | Reached XP level 2. HP: 19/19 MP: 2/2
   527 | D:1      | 527 ||| Stepping ~*~*~tactically~*~*~ (hiding).
   535 | D:1      | Reached skill level 3 in Axes
   672 | D:1      | Reached XP level 3. HP: 23/23 MP: 3/3
   825 | D:1      | You fall into a shaft and drop 1 floor!
   946 | D:2      | 946 ||| UPGRADING to amulet of guardian spirit.
   951 | D:2      | 951 ||| UPGRADING to +6 ring of dexterity.
   952 | D:2      | 952 ||| READING scroll labelled JEIPTA QO VOOSYRI.
   952 | D:2      | Identified a scroll of acquirement
   952 | D:2      | 952 ||| ACQUIRING ring of protection from fire
   952 | D:2      | Acquired a ring of protection from fire
   954 | D:2      | 954 ||| UPGRADING to ring of protection from fire.
   955 | D:2      | 955 ||| READING scroll labelled ZUKHUDAETH.
   956 | D:2      | 956 ||| READING scroll labelled MAPPA EXUMO.
   957 | D:2      | 957 ||| READING scroll labelled QIN JUBRINIAR.
   999 | D:1      | 999 ||| DROPPING +0 club.
  1159 | D:1      | 1159 ||| READING scroll labelled AWOINU CUDE.
  1160 | D:1      | 1160 ||| DROPPING +0 whip.
  1386 | D:2      | Reached skill level 1 in Dodging
  1386 | D:2      | Reached XP level 4. HP: 27/28 MP: 2/4
  1568 | D:2      | Found a faded altar of an unknown god.
  1835 | D:2      | 1835 ||| READING scroll labelled FOYT QILEA.
  1836 | D:2      | 1836 ||| READING scroll labelled XOWNINKUHIM.
  1837 | D:2      | 1837 ||| READING scroll labelled XIESIO URAXAU.
  2131 | D:3      | Reached skill level 4 in Axes
  2237 | D:3      | Reached XP level 5. HP: 32/32 MP: 5/5
  2241 | D:3      | 2241 ||| Stepping ~*~*~tactically~*~*~ (stealth).
  2249 | D:3      | 2249 ||| Stepping ~*~*~tactically~*~*~ (stealth).
  2253 | D:3      | 2253 ||| Stepping ~*~*~tactically~*~*~ (stealth).
  2255 | D:3      | 2255 ||| Stepping ~*~*~tactically~*~*~ (stealth).
  2458 | D:3      | Found a white marble altar of Elyvilon.
  2648 | D:3      | 2648 ||| UPGRADING to ring of willpower.
  2650 | D:3      | 2650 ||| READING scroll labelled EGUPPA JIEMURE.
  2986 | D:4      | Reached skill level 5 in Axes
  3086 | D:4      | Reached XP level 6. HP: 37/37 MP: 6/6
  3244 | D:4      | 3244 ||| READING scroll of enchant weapon.
  3244 | D:4      | 3244 ||| ENCHANTING +1 war axe of flaming.
  3274 | D:4      | Identified the +7 hand axe "Xiklampe" {holy, *Rage MP+9
                  | Str+5}
  3283 | D:4      | 3283 ||| Stepping ~*~*~tactically~*~*~ (hiding).
  3390 | D:4      | 3390 ||| READING scroll of brand weapon.
  3390 | D:4      | 3390 ||| BRANDING +2 war axe of flaming.
  3629 | D:4      | 3629 ||| Stepping ~*~*~tactically~*~*~ (stealth).
  3776 | D:4      | 3776 ||| UPGRADING to +0 kite shield.
  3786 | D:4      | 3786 ||| DROPPING +0 buckler.
  3787 | D:4      | 3787 ||| UPGRADING to amulet of reflection.
  3797 | D:4      | 3797 ||| DROPPING amulet of guardian spirit.
  3798 | D:4      | 3798 ||| READING 2 scrolls of identify.
  3798 | D:4      | 3798 ||| IDENTIFYING inky potion
  3814 | D:5      | Entered Level 5 of the Dungeon
  3987 | D:5      | Noticed Prince Ribbit
  3999 | D:5      | Killed Prince Ribbit
  4000 | D:5      | Reached XP level 7. HP: 31/43 MP: 7/7
  4137 | D:5      | Reached skill level 6 in Axes
  4152 | D:5      | 4152 ||| Stepping ~*~*~tactically~*~*~ (hiding).
  4153 | D:5      | 4153 ||| Stepping ~*~*~tactically~*~*~ (hiding).
  4155 | D:5      | 4155 ||| Stepping ~*~*~tactically~*~*~ (hiding).
  4156 | D:5      | 4156 ||| Stepping ~*~*~tactically~*~*~ (hiding).
  4218 | D:5      | 4218 ||| Stepping ~*~*~tactically~*~*~ (stealth).
  4219 | D:5      | 4219 ||| Stepping ~*~*~tactically~*~*~ (stealth).
  4226 | D:5      | 4226 ||| Stepping ~*~*~tactically~*~*~ (stealth).
  4229 | D:5      | 4229 ||| Stepping ~*~*~tactically~*~*~ (hiding).
  4316 | D:5      | 4316 ||| Stepping ~*~*~tactically~*~*~ (hiding).
  4317 | D:5      | 4317 ||| Stepping ~*~*~tactically~*~*~ (hiding).
  4327 | D:5      | Reached skill level 6 in Shields
  4327 | D:5      | 4327 ||| Stepping ~*~*~tactically~*~*~ (stealth).
  4357 | D:5      | Reached XP level 8. HP: 48/48 MP: 8/8
  4363 | D:5      | 4363 ||| Stepping ~*~*~tactically~*~*~ (stealth).
  4462 | D:5      | 4462 ||| Stepping ~*~*~tactically~*~*~ (hiding).
  4500 | D:5      | 4500 ||| Stepping ~*~*~tactically~*~*~ (stealth).
  4530 | D:5      | 4530 ||| Stepping ~*~*~tactically~*~*~ (hiding).
  4551 | D:5      | Reached skill level 7 in Axes
  4580 | D:5      | 4580 ||| Stepping ~*~*~tactically~*~*~ (hiding).
  4750 | D:5      | 4750 ||| UPGRADING to +0 chain mail.
  4760 | D:5      | 4760 ||| DROPPING +0 scale mail.
  4761 | D:5      | 4761 ||| READING scroll labelled DIPUZE ZONTIUTS.
  4783 | D:6      | 4783 ||| PLANNING SEWER
  4807 | D:6      | Found a glowing drain.
  4845 | D:6      | 4845 ||| READING scroll labelled LADGHA ASOAJO.
  4876 | Sewer    | Entered a sewer
  5144 | Sewer    | 5144 ||| Stepping ~*~*~tactically~*~*~ (stealth).
  5146 | Sewer    | 5146 ||| Stepping ~*~*~tactically~*~*~ (stealth).
  5155 | Sewer    | 5155 ||| Stepping ~*~*~tactically~*~*~ (stealth).
  5206 | Sewer    | HP: 12/49 [bullfrog (5)]
  5207 | Sewer    | 5207 ||| READING 2 scrolls of teleportation.
  5465 | Sewer    | 5465 ||| READING scroll labelled NICUXZ MODUKLESA.
  5466 | Sewer    | 5466 ||| READING scroll labelled XOIVVYECOE.
  5467 | Sewer    | 5467 ||| DRINKING 2 black potions.
  5471 | D:6      | 5471 ||| PLANNING D:1-11
  5490 | D:6      | 5490 ||| Stepping ~*~*~tactically~*~*~ (hiding).
  5493 | D:6      | 5493 ||| Stepping ~*~*~tactically~*~*~ (hiding).
  5636 | D:6      | 5636 ||| Stepping ~*~*~tactically~*~*~ (stealth).
  5659 | D:6      | Reached skill level 8 in Axes
  5768 | D:6      | Reached XP level 9. HP: 51/54 MP: 9/9
  5952 | D:6      | Reached skill level 6 in Fighting
  6201 | D:6      | Found a burning altar of Makhleb.
  6309 | D:6      | 6309 ||| UPGRADING to +0 plate armour.
  6319 | D:6      | 6319 ||| DROPPING +0 chain mail.
  6320 | D:6      | 6320 ||| UPGRADING to +0 pair of boots.
  6325 | D:6      | 6325 ||| READING scroll labelled ETAEN NIMAIQI.
  6348 | D:7      | Noticed Joseph
  6349 | D:7      | 6349 ||| Stepping ~*~*~tactically~*~*~ (hiding).
  6362 | D:7      | Killed Joseph
  6441 | D:7      | 6441 ||| Stepping ~*~*~tactically~*~*~ (stealth).
  6446 | D:7      | Noticed Menkaure
  6463 | D:7      | Killed Menkaure
  6597 | D:7      | Found Sashrupi's Assorted Antiques.
  6603 | D:7      | 6603 ||| BUYING bubbling yellow potion (21 gold).
  6603 | D:7      | Bought a bubbling yellow potion for 21 gold pieces
  6603 | D:7      | 6603 ||| BUYING potion of curing (72 gold).
  6603 | D:7      | Bought a potion of curing for 72 gold pieces
  6603 | D:7      | 6603 ||| BUYING scroll of identify (48 gold).
  6603 | D:7      | Bought a scroll of identify for 48 gold pieces
  6608 | D:7      | 6608 ||| Stepping ~*~*~tactically~*~*~ (hiding).
  6609 | D:7      | 6609 ||| Stepping ~*~*~tactically~*~*~ (hiding).
  6610 | D:7      | 6610 ||| Stepping ~*~*~tactically~*~*~ (hiding).
  6790 | D:7      | 6790 ||| DROPPING +0 flail.
  6829 | D:7      | Noticed a cyclops
  6830 | D:7      | 6830 ||| FLEEEEING.
  6831 | D:7      | 6831 ||| FLEEEEING.
  6832 | D:7      | 6832 ||| FLEEEEING.
  6847 | D:7      | 6847 ||| FLEEEEING.
  6867 | D:7      | Killed a cyclops
  6868 | D:7      | Reached skill level 9 in Axes
  6907 | D:7      | 6907 ||| Stepping ~*~*~tactically~*~*~ (stealth).
  6908 | D:7      | 6908 ||| Stepping ~*~*~tactically~*~*~ (stealth).
  7038 | D:7      | Found a runed translucent door.
  7039 | D:7      | Noticed Crazy Yiuf
  7117 | D:7      | Found a staircase to the Ecumenical Temple.
  7118 | D:7      | 7118 ||| PLANNING TEMPLE
  7118 | D:7      | 7118 ||| READING scroll labelled GUELASICLU.
  7119 | D:7      | 7119 ||| READING 3 scrolls of identify.
  7119 | D:7      | 7119 ||| IDENTIFYING metallic puce potion
  7120 | D:7      | 7120 ||| READING 2 scrolls of identify.
  7120 | D:7      | 7120 ||| IDENTIFYING viscous inky potion
  7124 | Temple   | Entered the Ecumenical Temple
  7125 | Temple   | 7125 ||| PLANNING OKAWARU WORSHIP
  7133 | Temple   | Became a worshipper of Warmaster Okawaru
  7134 | Temple   | 7134 ||| PLANNING D:1-11
  7681 | D:8      | 7681 ||| PLANNING OSSUARY
  7743 | D:8      | Reached XP level 10. HP: 61/63 MP: 10/10
  7795 | D:8      | 7795 ||| Stepping ~*~*~tactically~*~*~ (hiding).
  7927 | D:8      | Noticed Erica
  7935 | D:8      | Killed Erica
  7935 | D:8      | Reached * piety under Okawaru
  7936 | D:8      | Reached skill level 9 in Shields
  7995 | D:8      | Found a sand-covered staircase.
  8000 | Ossuary  | Entered an ossuary
  8351 | Ossuary  | 8351 ||| Stepping ~*~*~tactically~*~*~ (stealth).
  8356 | Ossuary  | 8356 ||| Stepping ~*~*~tactically~*~*~ (stealth).
  8375 | Ossuary  | Reached skill level 1 in Invocations
  8402 | Ossuary  | 8402 ||| DRINKING 2 metallic coppery potions.
  8406 | D:8      | 8406 ||| PLANNING D:1-11
  8412 | D:8      | Found a stormy altar of Qazlal.
  8423 | D:8      | Reached skill level 6 in Armour
  8423 | D:8      | 8423 ||| FLEEEEING.
  8424 | D:8      | 8424 ||| FLEEEEING.
  8425 | D:8      | 8425 ||| FLEEEEING.
  8426 | D:8      | 8426 ||| FLEEEEING.
  8432 | D:8      | 8432 ||| FLEEEEING.
  8433 | D:8      | 8433 ||| FLEEEEING.
  8434 | D:8      | 8434 ||| FLEEEEING.
  8437 | D:8      | 8437 ||| FLEEEEING.
  8438 | D:8      | 8438 ||| FLEEEEING.
  8439 | D:8      | 8439 ||| FLEEEEING.
  8441 | D:8      | 8441 ||| FLEEEEING.
  8442 | D:8      | 8442 ||| FLEEEEING.
  8443 | D:8      | 8443 ||| FLEEEEING.
  8444 | D:8      | 8444 ||| FLEEEEING.
  8445 | D:8      | 8445 ||| FLEEEEING.
  8452 | D:8      | 8452 ||| FLEEEEING.
  8453 | D:8      | 8453 ||| STAIRDANCE
  8608 | D:8      | 8608 ||| Stepping ~*~*~tactically~*~*~ (stealth).
  8613 | D:8      | 8613 ||| Stepping ~*~*~tactically~*~*~ (hiding).
  8615 | D:8      | 8615 ||| Stepping ~*~*~tactically~*~*~ (hiding).
  8616 | D:8      | 8616 ||| Stepping ~*~*~tactically~*~*~ (hiding).
  8619 | D:8      | 8619 ||| INVOKING Heroism.
  8670 | D:8      | Found a shimmering blue altar of Sif Muna.
  9046 | D:8      | 9046 ||| INVOKING Heroism.
  9137 | D:8      | 9137 ||| DRINKING 2 fuming grey potions.
  9138 | D:8      | 9138 ||| DRINKING 2 clear potions.
  9139 | D:8      | 9139 ||| DRINKING 2 glowing inky potions.
  9140 | D:8      | 9140 ||| DROPPING potion of invisibility.
  9141 | D:8      | 9141 ||| DROPPING potion of brilliance.
  9268 | D:9      | Found Daah's Antique Weapon Emporium.
  9277 | D:9      | 9277 ||| BUYING morningstar (124 gold).
  9277 | D:9      | Bought a morningstar for 124 gold pieces
  9277 | D:9      | 9277 ||| DROPPING +0 flail of protection.
  9518 | D:9      | Found a radiant altar of Vehumet.
  9634 | D:9      | 9634 ||| Stepping ~*~*~tactically~*~*~ (stealth).
  9644 | D:9      | 9644 ||| INVOKING Heroism.
  9761 | D:9      | Identified the +9 great sword of Wasutuosh {heavy, rC+
                  | Will- Dex+2}
  9873 | D:9      | 9873 ||| UPGRADING to +5 ring of evasion.
  9875 | D:9      | 9875 ||| READING 2 scrolls labelled UCROH MEGALE.
  9876 | D:9      | 9876 ||| READING scroll labelled FUTOEM VIAN.
  9919 | D:9      | 9919 ||| DROPPING scroll of noise.
  9943 | D:10     | Entered Level 10 of the Dungeon
  9948 | D:10     | Reached skill level 10 in Axes
 10051 | D:10     | Noticed a boulder beetle
 10052 | D:10     | 10052 ||| Stepping ~*~*~tactically~*~*~ (stealth).
 10053 | D:10     | 10053 ||| Stepping ~*~*~tactically~*~*~ (stealth).
 10057 | D:10     | Noticed Gastronok
 10058 | D:10     | 10058 ||| INVOKING Heroism.
 10077 | D:10     | Killed Gastronok
 10078 | D:10     | Reached skill level 9 in Fighting
 10078 | D:10     | Reached XP level 11. HP: 65/71 MP: 12/12
 10078 | D:10     | 10078 ||| INVOKING Heroism.
 10079 | D:10     | Killed a boulder beetle
 10080 | D:10     | Reached skill level 3 in Invocations
 10134 | D:10     | Reached ** piety under Okawaru
 10139 | D:10     | 10139 ||| INVOKING Heroism.
 10167 | D:10     | 10167 ||| Stepping ~*~*~tactically~*~*~ (stealth).
 10179 | D:10     | 10179 ||| INVOKING Heroism.
 10291 | D:10     | 10291 ||| INVOKING Heroism.
 10534 | D:10     | Found a blossoming altar of Fedhas.
 10568 | D:10     | Found a shadowy altar of Dithmenos.
 10772 | D:10     | 10772 ||| UPGRADING to amulet of faith.
 10816 | D:11     | Noticed a manticore
 10817 | D:11     | 10817 ||| INVOKING Heroism.
 10826 | D:11     | Killed a manticore
 10954 | D:11     | 10954 ||| Stepping ~*~*~tactically~*~*~ (stealth).
 10956 | D:11     | 10956 ||| Stepping ~*~*~tactically~*~*~ (stealth).
 10958 | D:11     | 10958 ||| Stepping ~*~*~tactically~*~*~ (hiding).
 10962 | D:11     | 10962 ||| INVOKING Heroism.
 10992 | D:11     | 10992 ||| FLEEEEING.
 11076 | D:11     | Noticed a green ugly thing
 11089 | D:11     | Killed a green ugly thing
 11090 | D:11     | Reached skill level 11 in Axes
 11247 | D:11     | 11247 ||| INVOKING Heroism.
 11498 | D:11     | 11498 ||| Stepping ~*~*~tactically~*~*~ (stealth).
 11501 | D:11     | 11501 ||| INVOKING Heroism.
 11614 | D:11     | 11614 ||| Stepping ~*~*~tactically~*~*~ (stealth).
 11616 | D:11     | 11616 ||| Stepping ~*~*~tactically~*~*~ (stealth).
 11656 | D:11     | Found a staircase to the Lair.
 11678 | D:11     | 11678 ||| Stepping ~*~*~tactically~*~*~ (hiding).
 11715 | D:11     | 11715 ||| Stepping ~*~*~tactically~*~*~ (hiding).
 11716 | D:11     | 11716 ||| Stepping ~*~*~tactically~*~*~ (hiding).
 11838 | D:11     | 11838 ||| READING scroll of enchant armour.
 11838 | D:11     | 11838 ||| ENCHANTING +0 pair of boots.
 11990 | D:11     | 11990 ||| PLANNING LAIR
 11994 | Lair:1   | Entered Level 1 of the Lair of Beasts
 12031 | Lair:1   | Reached *** piety under Okawaru
 12111 | Lair:1   | 12111 ||| Stepping ~*~*~tactically~*~*~ (stealth).
 12112 | Lair:1   | 12112 ||| INVOKING Heroism.
 12161 | Lair:1   | 12161 ||| INVOKING Heroism.
 12342 | Lair:1   | 12342 ||| FLEEEEING.
 12345 | Lair:1   | 12345 ||| INVOKING Heroism.
 12351 | Lair:1   | Reached skill level 12 in Axes
 12394 | Lair:1   | 12394 ||| Stepping ~*~*~tactically~*~*~ (stealth).
 12398 | Lair:1   | 12398 ||| FLEEEEING.
 12399 | Lair:1   | 12399 ||| FLEEEEING.
 12400 | Lair:1   | 12400 ||| FLEEEEING.
 12496 | Lair:1   | 12496 ||| INVOKING Heroism.
 12507 | Lair:1   | Reached XP level 12. HP: 67/76 MP: 13/15
 12907 | Lair:1   | Received a gift from Okawaru
 12928 | Lair:1   | 12928 ||| INVOKING Heroism.
 13079 | Lair:1   | 13079 ||| READING 3 scrolls of identify.
 13079 | Lair:1   | 13079 ||| IDENTIFYING yellow potion
 13080 | Lair:1   | 13080 ||| READING 2 scrolls of identify.
 13080 | Lair:1   | 13080 ||| IDENTIFYING grey potion
 13081 | Lair:1   | 13081 ||| DROPPING potion of degeneration.
 13111 | Lair:2   | 13111 ||| INVOKING Heroism.
 13269 | Lair:2   | Reached **** piety under Okawaru
 13421 | Lair:2   | 13421 ||| INVOKING Heroism.
 13448 | Lair:2   | 13448 ||| Stepping ~*~*~tactically~*~*~ (stealth).
 13449 | Lair:2   | 13449 ||| Stepping ~*~*~tactically~*~*~ (stealth).
 13455 | Lair:2   | Noticed Fannar
 13458 | Lair:2   | Received a gift from Okawaru
 13465 | Lair:2   | 13465 ||| INVOKING Heroism.
 13476 | Lair:2   | Killed Fannar
 13734 | Lair:2   | Found a hole to the Spider Nest.
 13739 | Lair:2   | 13739 ||| INVOKING Heroism.
 13742 | Lair:2   | HP: 15/77 [disintegration (30)]
 13743 | Lair:2   | 13743 ||| READING 2 scrolls of teleportation.
 13744 | Lair:2   | 13744 ||| DRINKING potion of heal wounds.
 13752 | Lair:2   | Received a gift from Okawaru
 13753 | Lair:2   | Reached skill level 1 in Throwing
 13869 | Lair:2   | 13869 ||| Stepping ~*~*~tactically~*~*~ (stealth).
 13872 | Lair:2   | Noticed a boulder beetle
 13873 | Lair:2   | 13873 ||| INVOKING Heroism.
 13899 | Lair:2   | Killed a boulder beetle
 14002 | Lair:2   | Reached skill level 6 in Invocations
 14037 | Lair:2   | 14037 ||| INVOKING Heroism.
 14477 | Lair:2   | 14477 ||| DRINKING 3 bubbling yellow potions.
 14477 | Lair:2   | Gained mutation: You are partially covered in iridescent
                  | scales. (AC +2) [potion of mutation]
 14477 | Lair:2   | Gained mutation: You have large cloven feet. [potion of
                  | mutation]
 14527 | Lair:3   | 14527 ||| STAIRDANCE
 14580 | Lair:3   | Received a gift from Okawaru
 14610 | Lair:3   | 14610 ||| INVOKING Heroism.
 14846 | Lair:3   | 14846 ||| INVOKING Heroism.
 14883 | Lair:3   | 14883 ||| Stepping ~*~*~tactically~*~*~ (stealth).
 14890 | Lair:3   | 14890 ||| INVOKING Heroism.
 15035 | Lair:3   | Found a staircase to the Swamp.
 15056 | Lair:3   | 15056 ||| FLEEEEING.
 15058 | Lair:3   | 15058 ||| FLEEEEING.
 15059 | Lair:3   | 15059 ||| FLEEEEING.
 15060 | Lair:3   | 15060 ||| FLEEEEING.
 15069 | Lair:3   | Reached XP level 13. HP: 66/82 MP: 18/18
 15119 | Lair:3   | 15119 ||| Stepping ~*~*~tactically~*~*~ (stealth).
 15120 | Lair:3   | 15120 ||| Stepping ~*~*~tactically~*~*~ (stealth).
 15127 | Lair:3   | Reached skill level 13 in Axes
 15136 | Lair:3   | Reached ***** piety under Okawaru
 15231 | Lair:3   | 15231 ||| INVOKING Heroism.
 15242 | Lair:3   | 15242 ||| SWAPPING to +0 morningstar.
 15251 | Lair:3   | 15251 ||| SWAPPING to +2 war axe of venom.
 15287 | Lair:3   | Reached skill level 3 in Throwing
 15517 | Lair:3   | 15517 ||| INVOKING Heroism.
 15518 | Lair:3   | 15518 ||| INVOKING Finesse.
 15519 | Lair:3   | 15519 ||| INVOKING Finesse.
 15521 | Lair:3   | 15521 ||| SWAPPING to +0 morningstar.
 15528 | Lair:3   | Reached skill level 9 in Invocations
 15528 | Lair:3   | 15528 ||| SWAPPING to +2 war axe of venom.
 15594 | Lair:3   | Received a gift from Okawaru
 15713 | Lair:3   | 15713 ||| INVOKING Heroism.
 15963 | Lair:4   | 15963 ||| INVOKING Heroism.
 16128 | Lair:4   | 16128 ||| Stepping ~*~*~tactically~*~*~ (stealth).
 16130 | Lair:4   | 16130 ||| INVOKING Heroism.
 16135 | Lair:4   | 16135 ||| Stepping ~*~*~tactically~*~*~ (stealth).
 16303 | Lair:4   | 16303 ||| INVOKING Heroism.
 16308 | Lair:4   | Reached skill level 9 in Armour
 16398 | Lair:4   | Received a gift from Okawaru
 16418 | Lair:4   | 16418 ||| INVOKING Heroism.
 16544 | Lair:4   | 16544 ||| INVOKING Heroism.
 16545 | Lair:4   | 16545 ||| INVOKING Finesse.
 16548 | Lair:4   | 16548 ||| SWAPPING to +0 morningstar.
 16560 | Lair:4   | 16560 ||| SWAPPING to +2 war axe of venom.
 16616 | Lair:4   | 16616 ||| Stepping ~*~*~tactically~*~*~ (stealth).
 16618 | Lair:4   | 16618 ||| INVOKING Heroism.
 16626 | Lair:4   | 16626 ||| Stepping ~*~*~tactically~*~*~ (stealth).
 16627 | Lair:4   | 16627 ||| Stepping ~*~*~tactically~*~*~ (stealth).
 16664 | Lair:4   | 16664 ||| INVOKING Heroism.
 16705 | Lair:4   | Found a stormy altar of Qazlal.
 16809 | Lair:4   | 16809 ||| INVOKING Heroism.
 16810 | Lair:4   | 16810 ||| INVOKING Finesse.
 16815 | Lair:4   | 16815 ||| SWAPPING to +0 morningstar.
 16818 | Lair:4   | 16818 ||| SWAPPING to +2 war axe of venom.
 16946 | Lair:4   | 16946 ||| INVOKING Heroism.
 17197 | Lair:4   | 17197 ||| Stepping ~*~*~tactically~*~*~ (stealth).
 17198 | Lair:4   | 17198 ||| Stepping ~*~*~tactically~*~*~ (stealth).
 17210 | Lair:4   | Reached skill level 14 in Axes
 17210 | Lair:4   | 17210 ||| FLEEEEING.
 17211 | Lair:4   | 17211 ||| FLEEEEING.
 17327 | Lair:4   | 17327 ||| UPGRADING to +2 pair of gloves of stealth.
 17339 | Lair:5   | Entered Level 5 of the Lair of Beasts
 17346 | Lair:5   | 17346 ||| INVOKING Heroism.
 17366 | Lair:5   | Gained mutation: Your large and strong wings let you fly.
                  | [Gargoyle growth]
 17366 | Lair:5   | Reached XP level 14. HP: 71/88 MP: 21/21
 17382 | Lair:5   | 17382 ||| STAIRDANCE
 17468 | Lair:5   | 17468 ||| Stepping ~*~*~tactically~*~*~ (stealth).
 17469 | Lair:5   | Noticed Snorg
 17470 | Lair:5   | 17470 ||| Stepping ~*~*~tactically~*~*~ (stealth).
 17472 | Lair:5   | 17472 ||| INVOKING Heroism.
 17480 | Lair:5   | Killed Snorg
 17542 | Lair:5   | 17542 ||| INVOKING Heroism.
 17644 | Lair:5   | 17644 ||| Stepping ~*~*~tactically~*~*~ (stealth).
 17690 | Lair:5   | 17690 ||| FLEEEEING.
 17691 | Lair:5   | 17691 ||| FLEEEEING.
 17692 | Lair:5   | 17692 ||| FLEEEEING.
 17695 | Lair:5   | 17695 ||| FLEEEEING.
 17696 | Lair:5   | 17696 ||| FLEEEEING.
 17697 | Lair:5   | 17697 ||| FLEEEEING.
 17698 | Lair:5   | 17698 ||| FLEEEEING.
 17699 | Lair:5   | 17699 ||| FLEEEEING.
 17700 | Lair:5   | 17700 ||| FLEEEEING.
 17701 | Lair:5   | 17701 ||| FLEEEEING.
 17702 | Lair:5   | 17702 ||| FLEEEEING.
 17703 | Lair:5   | 17703 ||| FLEEEEING.
 17704 | Lair:5   | 17704 ||| FLEEEEING.
 17705 | Lair:5   | 17705 ||| FLEEEEING.
 17706 | Lair:5   | 17706 ||| FLEEEEING.
 17707 | Lair:5   | 17707 ||| FLEEEEING.
 17708 | Lair:5   | 17708 ||| FLEEEEING.
 17708 | Lair:5   | Found a staircase to the Slime Pits.
 17709 | Lair:5   | 17709 ||| FLEEEEING.
 17710 | Lair:5   | 17710 ||| FLEEEEING.
 17711 | Lair:5   | 17711 ||| FLEEEEING.
 17712 | Lair:5   | 17712 ||| STAIRDANCE
 17737 | Lair:4   | 17737 ||| READING 3 scrolls of identify.
 17737 | Lair:4   | 17737 ||| IDENTIFYING lumpy coppery potion
 17738 | Lair:4   | 17738 ||| DROPPING potion of berserk rage.
 17747 | Lair:5   | 17747 ||| INVOKING Heroism.
 17818 | Lair:5   | 17818 ||| Stepping ~*~*~tactically~*~*~ (hiding).
 17838 | Lair:5   | 17838 ||| Stepping ~*~*~tactically~*~*~ (stealth).
 17847 | Lair:5   | 17847 ||| Stepping ~*~*~tactically~*~*~ (stealth).
 17858 | Lair:5   | 17858 ||| INVOKING Heroism.
 17872 | Lair:5   | Received a gift from Okawaru
 17878 | Lair:5   | Reached skill level 12 in Shields
 18000 | Lair:5   | 18000 ||| INVOKING Heroism.
 18005 | Lair:5   | 18005 ||| Stepping ~*~*~tactically~*~*~ (stealth).
 18006 | Lair:5   | 18006 ||| Stepping ~*~*~tactically~*~*~ (stealth).
 18009 | Lair:5   | 18009 ||| Stepping ~*~*~tactically~*~*~ (stealth).
 18010 | Lair:5   | 18010 ||| Stepping ~*~*~tactically~*~*~ (stealth).
 18174 | Lair:5   | 18174 ||| INVOKING Heroism.
 18176 | Lair:5   | 18176 ||| SWAPPING to +0 morningstar.
 18186 | Lair:5   | 18186 ||| SWAPPING to +2 war axe of venom.
 18215 | Lair:5   | 18215 ||| Stepping ~*~*~tactically~*~*~ (hiding).
 18309 | Lair:5   | 18309 ||| INVOKING Heroism.
 18314 | Lair:5   | 18314 ||| SWAPPING to +0 morningstar.
 18328 | Lair:5   | 18328 ||| INVOKING Heroism.
 18331 | Lair:5   | 18331 ||| SWAPPING to +2 war axe of venom.
 18448 | Lair:5   | 18448 ||| Stepping ~*~*~tactically~*~*~ (hiding).
 18449 | Lair:5   | 18449 ||| Stepping ~*~*~tactically~*~*~ (hiding).
 18450 | Lair:5   | 18450 ||| Stepping ~*~*~tactically~*~*~ (hiding).
 18460 | Abyss:3  | Cast into level 3 of the Abyss (a wizard)
 18525 | Abyss:3  | 18525 ||| INVOKING Heroism.
 18544 | Abyss:3  | 18544 ||| Stepping ~*~*~tactically~*~*~ (stealth).
 18547 | Abyss:3  | 18547 ||| Stepping ~*~*~tactically~*~*~ (stealth).
 18607 | Abyss:3  | 18607 ||| Stepping ~*~*~tactically~*~*~ (stealth).
 18610 | Abyss:3  | 18610 ||| Stepping ~*~*~tactically~*~*~ (stealth).
 18647 | Abyss:3  | 18647 ||| Stepping ~*~*~tactically~*~*~ (stealth).
 18650 | Abyss:3  | 18650 ||| Stepping ~*~*~tactically~*~*~ (stealth).
 18658 | Abyss:3  | 18658 ||| Stepping ~*~*~tactically~*~*~ (stealth).
 18660 | Abyss:3  | 18660 ||| Stepping ~*~*~tactically~*~*~ (stealth).
 18668 | Abyss:3  | 18668 ||| INVOKING Heroism.
 18730 | Abyss:3  | 18730 ||| Stepping ~*~*~tactically~*~*~ (stealth).
 18734 | Abyss:3  | Noticed a tentacled starspawn
 18735 | Abyss:3  | 18735 ||| Stepping ~*~*~tactically~*~*~ (stealth).
 18738 | Abyss:3  | 18738 ||| Stepping ~*~*~tactically~*~*~ (stealth).
 18756 | Abyss:3  | Killed a tentacled starspawn
 18771 | Abyss:3  | 18771 ||| Stepping ~*~*~tactically~*~*~ (stealth).
 18772 | Abyss:3  | 18772 ||| Stepping ~*~*~tactically~*~*~ (stealth).
 18773 | Abyss:3  | 18773 ||| INVOKING Heroism.
 18779 | Abyss:3  | HP: 22/90 [wretched star/lance of force (16)]
 18779 | Abyss:3  | HP: 1/90 [stone wall collision (21)]
 18792 | Abyss:3  | Reached skill level 15 in Axes
 18798 | Abyss:3  | HP: 6/63 [lurking horror (1)]
 18807 | Abyss:3  | 18807 ||| Stepping ~*~*~tactically~*~*~ (stealth).
 18844 | Abyss:3  | 18844 ||| Stepping ~*~*~tactically~*~*~ (stealth).
 18845 | Abyss:3  | 18845 ||| INVOKING Heroism.
 18869 | Abyss:3  | 18869 ||| Stepping ~*~*~tactically~*~*~ (stealth).
 18870 | Abyss:3  | 18870 ||| Stepping ~*~*~tactically~*~*~ (hiding).
 18884 | Abyss:3  | Received a gift from Okawaru
 18885 | Abyss:3  | Noticed a reaper
 18896 | Abyss:3  | Slain by a reaper

Levels and vault maps discovered:
D:1:      zaba_arrival_water, layout_loops_ring, minivault_14,
          hangedman_glass_teeth
D:2:      layout_basic, shapermc_ecumenical_altar_ellora
D:3:      minmay_octagon_keep, layout_basic, mainiacjoe_overflow_alcove_2
D:4:      layout_loops_ring
D:5:      layout_loops_cross, uniq_prince_ribbit1
D:6:      layout_loops_ring, lightli_temple_of_fire, serial_demonic,
          serial_demonic_b, serial_demonic_f, serial_demonic_c,
          serial_demonic_e, gup_sewer_entry_glass,
          hangedman_abyss_or_decor_lesser_grid, minivault_27
D:7:      layout_rooms, temple_statues, serial_shops,
          nicolae_shop_just_a_little_nook, uniq_joseph, uniq_crazy_yiuf_cottage,
          uniq_menkaure
D:8:      layout_loops_cross, nicolae_sif_muna_little_library,
          grunt_qazlal_clouds, enter_ossuary_2, worms_lemuel, uniq_erica
D:9:      layout_irregular_city, vehumet_statue, serial_shops,
          nicolae_shop_overgrown_old_shop, serial_bayou_crossing
D:10:     layout_irregular_city, nicolae_dithmenos_shadow_blocks,
          nicolae_overflow_crystal_walls, serial_column_ruins, column_ruins_hut,
          column_ruins_hut, column_ruins_corridor_dead_end,
          column_ruins_open_tiny, column_ruins_open_medium,
          column_ruins_open_tiny, column_ruins_columns_dead_end,
          column_ruins_columns_straight, column_ruins_corridor_straight,
          uniq_gastronok
D:11:     layout_loops_cross, david_lair_shrubbed
Temple:   nicolae_temple_no_exploring_needed
Lair:1:   hellmonk_destroyed_diamonds, layout_cave_pods
Lair:2:   layout_loops_ring, nicolae_spider_entry_orb_guardian,
          chequers_serial_rivers_micro_b, beast_lair_carwin_7, uniq_fannar
Lair:3:   layout_long_grid, minmay_swamp_entry_reptiles, enter_volcano_2,
          special_room [special_room_mythical_zoo],
          portal_ice_cave_entry_ice_simulacra, nicolae_quartered_pool_super,
          minmay_lair_oklob_items
Lair:4:   layout_roguey, basic_altar
Lair:5:   evil_forest, layout_misc_corridors, nicolae_slime_entry_field_trip,
          uniq_snorg
Abyss:3:  base:
D:4

Skill      XL: |  1  2  3  4  5  6  7  8  9 10 11 12 13 14 |
---------------+-------------------------------------------+-----
Axes           | 2 3 4 5 6 8 9 10 12 14 15 | 15.0
Dodging        | 1 2 |  2.1
Fighting       | 4 5 7 9 10 11 | 11.1
Shields        | 5 6 7 8 9 10 11 12 | 12.0
Armour         | 5 6 7 8 9 10 | 10.1
Invocations    | 1 4 7 10 | 10.0
Throwing       | 1 4 |  4.0

Action                     |  1- 3 |  4- 6 |  7- 9 | 10-12 | 13-15 || total
---------------------------+-------+-------+-------+-------+-------++-------
  Melee: War axe           |    92 |   134 |   321 |   684 |   582 ||  1813
         Morningstar       |       |       |       |       |    47 ||    47
  Throw: Javelin           |       |       |       |     9 |    40 ||    49
         Boomerang         |       |       |       |     1 |    77 ||    78
 Invoke: Heroism           |       |       |       |    26 |    25 ||    51
         Finesse           |       |       |       |       |     3 ||     3
    Use: Scroll            |     5 |     7 |     9 |     6 |     1 ||    28
         Potion            |       |       |     1 |     6 |       ||     7
 Armour: Scale mail        |    32 |    59 |    31 |       |       ||   122
         Chain mail        |       |       |    80 |       |       ||    80
         Plate armour      |       |       |    40 |   217 |   259 ||   516
  Dodge: Dodged            |    40 |    57 |    74 |   187 |   235 ||   593
  Block: Buckler           |    16 |    26 |       |       |       ||    42
         Kite shield       |       |     2 |   239 |   382 |   331 ||   954
         Reflection        |       |       |     4 |     8 |       ||    12

Table legend:
 A = Non-vault XP
 B = Vault XP
 C = Vault XP percentage of total XP
 D = Non-vault monster count
 E = Vault monster count
 F = Vault count percentage of total count
                 A         B        C        D         E       F
            +---------+---------+-------+---------+---------+-------
      Total |   55690 |   20446 |  26.9 |     350 |     179 |  33.8
            +---------+---------+-------+---------+---------+-------
        D:1 |      41 |       0 |   0.0 |      23 |       0 |   0.0
        D:2 |      59 |       0 |   0.0 |      14 |       0 |   0.0
        D:3 |      73 |      46 |  38.7 |      11 |      13 |  54.2
        D:4 |     316 |       0 |   0.0 |      23 |       0 |   0.0
        D:5 |     888 |     286 |  24.4 |      23 |       1 |   4.2
        D:6 |     591 |      72 |  10.9 |      20 |       7 |  25.9
        D:7 |    1163 |     674 |  36.7 |      21 |       2 |   8.7
        D:8 |     620 |    1144 |  64.9 |      18 |       3 |  14.3
        D:9 |     558 |      32 |   5.4 |       6 |       1 |  14.3
       D:10 |    1567 |    1850 |  54.1 |      10 |       2 |  16.7
       D:11 |    3535 |     355 |   9.1 |      21 |       1 |   4.5
     Lair:1 |    4456 |       0 |   0.0 |      22 |       0 |   0.0
     Lair:2 |    5704 |    2901 |  33.7 |      24 |       9 |  27.3
     Lair:3 |    5990 |    5055 |  45.8 |      24 |      27 |  52.9
     Lair:4 |   13645 |      42 |   0.3 |      42 |       1 |   2.3
     Lair:5 |    8789 |    7074 |  44.6 |      29 |      17 |  37.0
    Abyss:3 |    7695 |       0 |   0.0 |      19 |       0 |   0.0
      Sewer |       0 |     381 | 100.0 |       0 |      55 | 100.0
    Ossuary |       0 |     534 | 100.0 |       0 |      40 | 100.0
            +---------+---------+-------+---------+---------+-------
